 Dungeon Crawl Stone Soup version 0.23.1-37-gaa34b87b72 (webtiles) character file.

Game seed: 15098674190264495895

1106 GGGomer the Skirmisher (level 8, 0/71 HPs)
             Began as a Hill Orc Fighter on Mar 21, 2019.
             Slain by an ogre
             ... wielding a +0 giant spiked club
              (26 damage)
             ... on level 5 of the Dungeon.
             The game lasted 00:28:01 (5794 turns).

GGGomer the Skirmisher (Hill Orc Fighter)           Turns: 5794, Time: 00:28:02

Health: 0/71       AC: 16    Str: 21    XL:     8   Next: 33%
Magic:  8/8        EV:  2    Int:  8    God:
Gold:   200        SH: 17    Dex: 10    Spells: 7/7 levels left

rFire    . . .     SeeInvis .   a - +0 war axe
rCold    . . .     Gourm    .   n - +2 large shield
rNeg     . . .     Faith    .   w - +0 plate armour
rPois    +         Spirit   .   y - +1 helmet
rElec    .         Reflect  .   s - +0 cloak
rCorr    .         Harm     .   (no gloves)
MR       .....                  (no boots)
Stlth    ..........             j - amulet of rage
HPRegen  0.21/turn              v - ring of poison resistance
MPRegen  0.11/turn              G - ring of flight

@: slowed, studying Crossbows, very slow
A: no striking features
a: Evoke Berserk Rage, Evoke Flight


You were on level 5 of the Dungeon.
You were not hungry.

You visited 2 branches of the dungeon, and saw 6 of its levels.
You also visited: Ossuary.

You collected 200 gold pieces.

Inventory:

Hand Weapons
 a - a +0 war axe (weapon)
 g - a +0 hunting sling
Missiles
 c - 36 sling bullets
 e - 2 throwing nets
 k - 72 stones (quivered)
 o - 77 bolts
 q - 86 arrows
 z - 7 needles of sleeping
 A - 13 poisoned needles
 Q - 5 large rocks
Armour
 n - a +2 large shield (worn)
 s - a +0 cloak (worn)
 w - a +0 plate armour (worn)
 y - a +1 helmet (worn)
Jewellery
 j - an amulet of rage (around neck)
 v - a ring of poison resistance (left hand)
 C - an uncursed ring of stealth {unknown}
 G - a ring of flight (right hand)
Wands
 d - a wand of polymorph (2)
 i - a wand of iceblast (10)
 B - a wand of clouds (6)
 D - a wand of disintegration (2)
 E - a wand of enslavement (7)
 I - a wand of digging (4)
Scrolls
 b - 2 scrolls of fear
 h - 2 scrolls of remove curse
 p - 3 scrolls of identify
 x - 3 scrolls of teleportation
 J - 3 scrolls of enchant weapon {unknown}
 L - a scroll of fog
 M - a scroll of enchant armour
 O - a scroll of immolation
 P - a scroll of random uselessness {unknown}
Potions
 l - 7 potions of heal wounds
 m - 3 potions of agility
 r - 2 potions of brilliance
 t - a potion of degeneration
 u - a potion of might
 F - a potion of lignification {unknown}
 K - a potion of ambrosia
 N - a potion of curing {unknown}
Books
 H - a manual of Crossbows
Comestibles
 f - 6 rations


   Skills:
 + Level 6.7 Fighting
 + Level 6.7 Axes
 + Level 6.1 Armour
 + Level 6.2 Shields


You had 7 spell levels left.
You didn't know any spells.
Your spell library was empty.

Dungeon Overview and Level Annotations

Branches:
Dungeon (5/15)             Temple (1/1) D:4

Altars:
Cheibriados
Dithmenos
Fedhas
Gozag
Hepliaklqana
Kikubaaqudgha
Qazlal
Sif Muna
Trog
Vehumet
Wu Jian
Xom
Yredelemnul
Zin
The Shining One

Annotations:
D:5 Pikel, Prince Ribbit, Sigmund


Message History

Pikel drinks a potion.
Pikel seems to grow stronger.
You block the slave's attack. The orc wizard barely misses you.
The ogre hits you but does no damage. The slave hits you but does no damage.
Something hits you but does no damage. You block the slave's attack.
You slash the ogre!
The ogre is moderately wounded.
You closely miss the slave. You hit the orc wizard. You hit the slave.
You block the orc wizard's attack.
The orc wizard casts a spell.
The orc wizard blinks!
The slave hits you but does no damage. You block the slave's attack.
The ogre hits you with a +0 giant spiked club!!
Something hits you but does no damage. The ooze hits you but does no damage.
The slave hits you but does no damage.
You slash the ogre!
The ogre is severely wounded.
You slash the slave! You hit the ooze. You closely miss the slave.
You block the slave's attack.
The ogre hits you with a +0 giant spiked club!!
You die...

†#####.##.# ... #.#.......#.#
......>.... ..# #.####....#.#
..........### #.# #.##.#....#.###
............# #.# #..............
.########.#.# #.###..#.##........
.########.#.###...o....#.........
...........p..FpZ......#..###.###
..........#.###JK##....... #....
.###..#...#.# ##@# ....##. #..##
..##..#.#.#...ppO# ....##. #..##
..##..#.#K#.....p# ... #. .....
......#.#.#......# .. #. ..###
#####.##≈......... .......
###..≈........ ......
#..##.###.#. #...... #≈≈##.# #'
#. #...... #≈≈ .# #...#O.


You could see Prince Ribbit, Pikel, an ogre, 4 slaves, an orc wizard, an ooze
and a quokka skeleton.

Vanquished Creatures
  The ghost of Descartes the Sneak, an amateur VSWn of Cheibriados (D:3)
  Blork the orc (D:4)
  A scorpion (D:5)
  A bullfrog zombie (D:5)
  2 hounds
  3 orc wizards (D:3)
  A bullfrog skeleton (D:4)
  Crazy Yiuf (D:2)
  A centaur skeleton (D:5)
  An iguana (D:5)
  Terence (D:2)
  2 worker ants (D:4)
  8 big kobold zombies (Ossuary)
  A hound skeleton (D:4)
  2 mummies
  Robin (D:2)
  7 gnolls (D:3)
  7 adders
  A shadow imp (D:5)
  4 worms
  2 dart slugs
  4 leopard geckos
  8 orcs
  2 spectral bats (Ossuary)
  5 giant cockroaches
  4 gnoll zombies (Ossuary)
  5 hobgoblins
  10 jackals
  6 kobolds
  A quokka (D:2)
  A ball python (D:3)
  7 bats
  4 bat simulacra (Ossuary)
  2 frilled lizards
  13 goblins
  A goblin zombie (Ossuary)
  8 hobgoblin zombies (Ossuary)
  4 kobold simulacra (Ossuary)
  5 kobold zombies (Ossuary)
  4 orc zombies (Ossuary)
  6 rats
  4 rat simulacra (Ossuary)
  2 spectral goblins (Ossuary)
  3 spectral kobolds (Ossuary)
  2 spectral rats (Ossuary)
160 creatures vanquished.

Notes
Turn   | Place    | Note
-------+----------+-------------------------------------------
     0 | D:1      | GGGomer the Hill Orc Fighter began the quest for the Orb.
     0 | D:1      | Reached XP level 1. HP: 19/19 MP: 1/1
   132 | D:1      | Reached XP level 2. HP: 24/27 MP: 2/2
   750 | D:2      | Found a shimmering altar of Xom.
   765 | D:2      | Reached XP level 3. HP: 33/33 MP: 3/3
   800 | D:2      | Noticed Terence
   996 | D:2      | Noticed Robin
   999 | D:2      | Reached XP level 4. HP: 37/40 MP: 4/4
  1013 | D:2      | Killed Robin
  1589 | D:2      | Found a runed translucent door.
  1590 | D:2      | Noticed Crazy Yiuf
  1655 | D:2      | Killed Crazy Yiuf
  1655 | D:2      | Reached XP level 5. HP: 31/47 MP: 5/5
  1660 | D:2      | Killed Terence
  1871 | D:3      | Found a glowing silver altar of Zin.
  1987 | D:3      | Reached skill level 5 in Fighting
  1987 | D:3      | Reached XP level 6. HP: 10/56 MP: 6/6
  2698 | D:3      | Found a transporter.
  2698 | D:3      | Found a transporter.
  2870 | D:3      | Noticed Descartes's ghost (amateur VSWn)
  2899 | D:3      | Identified the cursed +1 spear of Harmony {venom, rC+ rN+
                  | Str+3}
  2965 | D:3      | Paralysed by a gnoll for 3 turns
  3282 | D:3      | Reached skill level 5 in Axes
  3322 | D:3      | Killed Descartes's ghost
  3322 | D:3      | Reached skill level 5 in Armour
  3322 | D:3      | Reached skill level 5 in Shields
  3322 | D:3      | Reached XP level 7. HP: 37/62 MP: 7/7
  3775 | D:4      | Found a staircase to the Ecumenical Temple.
  3788 | Temple   | Entered the Ecumenical Temple
  4318 | D:4      | Noticed Blork the orc
  4333 | D:4      | Killed Blork the orc
  4721 | D:5      | Entered Level 5 of the Dungeon
  4766 | D:5      | Noticed Prince Ribbit
  4982 | D:5      | Found a sand-covered staircase.
  4994 | Ossuary  | Entered an ossuary
  5248 | Ossuary  | Reached XP level 8. HP: 65/71 MP: 8/8
  5769 | D:5      | Noticed Pikel
  5784 | D:5      | Noticed Sigmund
  5794 | D:5      | Slain by an ogre

Skill      XL: |  1  2  3  4  5  6  7  8 |
---------------+-------------------------+-----
Axes           | 3 4 5 6 |  6.7
Fighting       | 4 5 6 |  6.7
Shields        | 4 5 6 |  6.2
Armour         | 4 5 6 |  6.1

Action                   |  1- 3 |  4- 6 |  7- 9 || total
-------------------------+-------+-------+-------++-------
Melee: War axe           |   109 |   232 |   334 ||   675
       Unarmed           |       |     3 |       ||     3
 Abil: Evoke Berserk Rag |       |     1 |       ||     1
  Use: Scroll            |     5 |     7 |     1 ||    13
       Potion            |       |     2 |       ||     2
 Stab: Confused          |       |     1 |       ||     1
  Eat: Chunk             |     1 |     2 |     5 ||     8
       Ration            |       |     2 |     1 ||     3
Armor: Plate armour      |   128 |   137 |   186 ||   451
Dodge: Dodged            |    14 |     7 |    21 ||    42
Block: Shield            |    40 |       |       ||    40
       Large shield      |   106 |   244 |   286 ||   636
